 Dungeon Crawl Stone Soup version 0.31-a0-1352-gc98d92de7d (webtiles) character file.

Game seed: 2832514013252452987

501 OnFi the Cudgeller (level 7, -1/70 HPs)
             Began as an Oni Fighter on Dec 22, 2023.
             Slain by a river rat (4 damage)
             ... summoned by Eustachio
             ... on level 4 of the Dungeon.
             The game lasted 00:20:32 (4752 turns).

OnFi the Cudgeller (Oni Fighter)                    Turns: 4752, Time: 00:20:33

Health: -1/70      AC:  7    Str: 23    XL:     7   Next: 17%
Magic:  7/7        EV: 14    Int: 14    God:
Gold:   86         SH:  8    Dex: 14    Spells: 6/6 levels left

rFire   . . .        a - +0 flail
rCold   . . .        c - +0 kite shield
rNeg    . . .        b - +0 robe
rPois   .            x - +2 hat
rElec   .            v - +1 cloak of Zozeiwea {^Contam Int+5}
rCorr   .            (gloves unavailable)
SInv    .            (boots unavailable)
Will    .....        (no amulet)
Stlth   +            f - +5 ring of evasion
HPRegen 0.31/turn    g - +6 ring of dexterity
MPRegen 0.10/turn

%: no passive effects
@: no status effects
A: large, unfitting armour, horns 1, tough skin 1, double potion healing,
drunken brawling
a: no special abilities


You were on level 4 of the Dungeon.
You visited 1 branch of the dungeon, and saw 6 of its levels.

You collected 148 gold pieces.
You spent 62 gold pieces at shops.

Inventory:

Hand Weapons
 a - a +0 flail (weapon)
Armour
 b - a +0 robe (worn)
 c - a +0 kite shield (worn)
 v - the +1 cloak of Zozeiwea (worn) {^Contam Int+5}
   (You found it on level 4 of the Dungeon)

   Int+5:     It affects your intelligence (+5).
   ^Contam:   It causes magical contamination when unequipped.
 x - a +2 hat (worn)
Jewellery
 f - a +5 ring of evasion (left hand)
 g - a +6 ring of dexterity (right hand)
 B - a ring of flight
Wands
 i - a wand of flame (42)
Scrolls
 d - a scroll of poison {unknown}
 e - 2 scrolls of teleportation
 l - a scroll of identify {unknown}
 o - a scroll of immolation
 p - a scroll of fear {unknown}
 q - a scroll of vulnerability {unknown}
 r - a scroll of enchant armour {unknown}
 s - a scroll of enchant weapon {unknown}
 w - a scroll of silence {unknown}
 y - a scroll of noise {unknown}
Potions
 h - 4 potions of heal wounds
 j - 2 potions of brilliance {unknown}
 m - a potion of mutation {unknown}
 n - a potion of attraction {unknown}
 t - 2 potions of lignification {unknown}
 u - a potion of enlightenment {unknown}
 z - a potion of curing {unknown}


   Skills:
 - Level 4.0 Fighting
 + Level 7.3 Maces & Flails
 - Level 3.0 Dodging
 - Level 3.0 Shields


You had 6 spell levels left.
You didn't know any spells.
Your spell library was empty.

Dungeon Overview and Level Annotations

Branches:
Dungeon (6/15) Zot: 26187
 Temple: D:4-7

Altars:
Dithmenos
Hepliaklqana
Vehumet
Xom

Shops:
D:6 (

Annotations:
D:4 Eustachio


Innate Abilities, Weirdness & Mutations

You are too large for most types of armour.
You have a pair of small horns on your head.
You have tough skin. (AC +1)
You gain doubled healing and magic from potions.
Whenever you drink a healing potion, you attack all around you.


Message History

The quokka barely misses you. You block the river rat's attack.
The bat closely misses you.
The quokka bites you but does no damage.
You block the river rat's attack. The bat hits you but does no damage.
The quokka closely misses you. The river rat bites you.
* * * LOW HITPOINT WARNING * * *
You block the bat's attack.
The quokka bites you but does no damage.
Eustachio gestures wildly while chanting.
Eustachio blinks!
The bat hits you.
* * * LOW HITPOINT WARNING * * *
The quokka twitches its whiskers.
The quokka closely misses you. The river rat barely misses you.
The white imp gestures at you. The puff of frost hits you.
* * * LOW HITPOINT WARNING * * *
The bat hits you but does no damage.
Eustachio growls, "To hell with you, honourless miscreant!"
The quokka bites you but does no damage.
The river rat barely misses you. The white imp misses you.
You block the bat's attack. x2; The quokka misses you.
The river rat closely misses you. The white imp gestures at you.
You block the puff of frost. The bat closely misses you.
You block the quokka's attack. You block the bat's attack.
The river rat barely misses you. You block the white imp's attack.
The white imp disappears in a puff of smoke!
You block the bat's attack.
Eustachio casts a spell.
The quokka bites you but does no damage.
The river rat bites you.
* * * LOW HITPOINT WARNING * * *
You block the bat's attack. The bat hits you but does no damage.
The bat hits you.
* * * LOW HITPOINT WARNING * * *
The quokka bites you but does no damage.
The river rat bites you.
You die...

.............##.....###..##.....#
........[....#...(...#...........
.#..........................#....
###...................###..##....
###...........(........###.###...
#..).......................#####.
................@5..........###..
#..............bbr5...##.........
#............(.r@>5..####........
..............##....#####........
.....#.....######.........#......
#...........#.....#####..##......
####.............## #..#.......
#...##........## ##..........
###..###........# ##...........
#...## #........#####....#.......
###.####..#..##....##.####......#


You could see Eustachio, an iron imp (summoned), a quasit (summoned), a river
rat (summoned), an ufetubus (summoned), a quokka (summoned) and 2 bats.

Vanquished Creatures
  Sigmund (D:2)
  3 hounds
  A gnoll bouda (D:6)
  An orc priest (D:4)
  Robin (D:2)
  7 gnolls
  An adder (D:4)
  3 worms
  7 dart slugs
  4 orcs
  6 endoplasms
  5 giant cockroaches
  15 goblins
  9 hobgoblins
  5 jackals
  6 quokkas
  8 ball pythons
  3 bats
  2 frilled lizards
  9 kobolds
  2 rats (D:2)
99 creatures vanquished.

Notes
Turn   | Place    | Note
-------+----------+-------------------------------------------
     0 | D:1      | OnFi the Oni Fighter began the quest for the Orb.
     0 | D:1      | Reached XP level 1. HP: 24/24 MP: 1/1
   119 | D:1      | Reached XP level 2. HP: 28/30 MP: 2/2
   427 | D:1      | Reached XP level 3. HP: 38/38 MP: 3/3
   618 | D:2      | Reached skill level 3 in Maces & Flails
   748 | D:2      | Noticed Robin
   946 | D:2      | Reached XP level 4. HP: 48/48 MP: 4/4
  1002 | D:2      | Killed Robin
  1020 | D:2      | Reached skill level 4 in Maces & Flails
  1208 | D:2      | Noticed Sigmund
  1901 | D:2      | Killed Sigmund
  1902 | D:2      | Reached skill level 5 in Maces & Flails
  1902 | D:2      | Reached XP level 5. HP: 54/54 MP: 5/5
  1902 | D:2      | Reached XP level 6. HP: 62/62 MP: 6/6
  2332 | D:3      | Found a faded altar of an unknown god.
  2875 | D:3      | Found a stormy altar of Qazlal.
  2877 | D:3      | Found a radiant altar of Vehumet.
  2877 | D:3      | Found a shadowy altar of Dithmenos.
  2879 | D:3      | Found an ornate altar of the Wu Jian Council.
  2879 | D:3      | Found a hazy altar of Hepliaklqana.
  2879 | D:3      | Found a shimmering altar of Xom.
  2995 | D:4      | Identified the +1 cloak of Zozeiwea {^Contam Int+5}
  3184 | D:3      | Reached skill level 6 in Maces & Flails
  3879 | D:4      | You fall into a shaft and drop 2 floors!
  3931 | D:6      | Reached skill level 7 in Maces & Flails
  3931 | D:6      | Reached XP level 7. HP: 70/70 MP: 7/7
  3939 | D:6      | Found Demeoffu's Weapon Emporium.
  3945 | D:6      | Bought 4 curare-tipped darts for 62 gold pieces
  3948 | D:5      | Entered Level 5 of the Dungeon
  4469 | D:5      | Noticed Eustachio
  4752 | D:4      | HP: 3/70 [bat[Eustachio] (1)]
  4752 | D:4      | Slain by a river rat

Illustrated notes

Levels and vault maps discovered:
D:1:      lemuel_arrival_broad_hall, layout_basic, minivault_23,
          nicolae_figureground_pulse
D:2:      layout_basic, kennysheep_cross_bottleneck, minmay_fractal_squares_5,
          uniq_sigmund, uniq_robin
D:3:      layout_loops_corners, doesnt_xom_only_xom,
          hellmonk_ecumenical_altar_blasted, dk_vineyard_2,
          minmay_misc_feat_ornament, nicolae_hexahallways, solitary_fountain
D:4:      layout_cave_pools
D:5:      layout_basic, minmay_temple_entry_nine_rooms,
          eino_small_chamber_without_monster, uniq_eustachio
D:6:      layout_loops_cross, mainiacjoe_overflow_surrounded_room,
          mainiacjoe_overflow_six_doors_small, nicolae_ru_path_of_blood,
          serial_shops, shop, nicolae_shop_pleasant_corner_grove, shop, shop,
          nicolae_stop_n_shop_2

Skill      XL: |  1  2  3  4  5  6 |
---------------+-------------------+-----
Shields        | 3 |  3.0
Dodging        | 3 |  3.0
Maces & Flails | 3 5 7 |  7.3
Fighting       | |  4.0

Action                     |  1- 3 |  4- 6 |  7- 9 || total
---------------------------+-------+-------+-------++-------
  Melee: Flail             |   108 |   110 |    20 ||   238
         Headbutt          |    18 |    11 |     4 ||    33
  Throw: Dart              |       |       |    10 ||    10
  Evoke: Wand              |       |     5 |     2 ||     7
    Use: Potion            |     1 |     2 |       ||     3
         Scroll            |     1 |     1 |       ||     2
   Stab: Distracted        |     1 |       |       ||     1
         Sleeping          |       |     3 |       ||     3
 Armour: Robe              |    42 |    36 |    90 ||   168
  Dodge: Dodged            |    40 |    39 |   137 ||   216
  Block: Kite shield       |    49 |    35 |   104 ||   188

Table legend: (Time is in decaauts)
 A = Elapsed time spent in this place.
 B = Non-inter-level travel time spent in this place.
 C = Inter-level travel time spent in this place.
 D = Time resting spent in this place.
 E = Time spent auto-exploring this place.
 F = Levels seen in this place.
 G = Mean time per level.
                   A        B        C        D        E       F      G
               +--------+--------+--------+--------+--------+-----+--------+
         Total |   4836 |   4303 |    533 |    396 |   2678 |   6 |  806.0 |
       Dungeon |   4836 |   4303 |    533 |    396 |   2678 |   6 |  806.0 |
               +--------+--------+--------+--------+--------+-----+--------+

Top non-repeatable levels by time:
     D:3: 1589 daAuts
     D:2: 1268 daAuts
     D:4: 1014 daAuts
     D:1: 633 daAuts
     D:5: 261 daAuts
     D:6: 70 daAuts
